 Dungeon Crawl Stone Soup version 0.18-a0-738-g888b110 (webtiles) character file.

1559 AnCiEnTIStOnEIBeAsT the Ducker (level 8, -1/48 HPs)
             Began as an Octopode Transmuter on Dec 11, 2015.
             Succumbed to a worker ant's poison
             ... on level 5 of the Dungeon.
             The game lasted 00:16:28 (5441 turns).

AnCiEnTIStOnEIBeAsT the Ducker (OpTm)               Turns: 5441, Time: 00:16:28

Health: -1/48      AC:  2    Str:  9      XL:     8   Next: 89%
Magic:  11/13      EV: 28    Int: 16      God:
Gold:   259        SH:  0    Dex: 21 (22) Spells: 3 memorised, 5 levels left

rFire  . . .     SeeInvis .       - Unarmed
rCold  . . .     Clarity  .     (shield currently unavailable)
rNeg   . . .     SustAt   .     (helmet currently unavailable)
rPois  x         Gourm    .     (no amulet)
rElec  .         Spirit   .     x - +3 ring of dexterity
rCorr  .         Dismiss  .     (no ring)
rMut   .         Stasis   .     (no ring)
MR     .....                    (no ring)
Stlth  ++........               (no ring)
                                (no ring)
                                (no ring)
                                (no ring)

@: lethally poisoned (-1 -> -13), spider-form (expiring), not resistant to
hostile enchantments, unstealthy
A: almost no armour, amphibious, 8 rings, (constrict 8), (camouflage 0),
(gelatinous body 0)
a: End Transformation


You were on level 5 of the Dungeon.
You were very hungry.
You were a venomous arachnid creature.
You visited 1 branch of the dungeon, and saw 6 of its levels.
You also visited: Sewer.

You collected 259 gold pieces.

Inventory:

Hand Weapons
 e - a +0 shortbow (melded)
Missiles
 a - 36 arrows
 k - 8 arrows of frost
 s - 12 poisoned needles
 y - 8 needles of sleeping
Jewellery
 x - a +3 ring of dexterity (left front leg)
Wands
 q - a wand of slowing (48)
 A - a wand of magic darts (23)
Scrolls
 d - a scroll of fear {unknown}
 g - a scroll of enchant weapon
 h - 2 scrolls of remove curse
 n - a scroll of magic mapping
 w - a scroll of enchant armour {unknown}
Potions
 f - 2 potions of agility
 i - a potion of haste
 j - a potion of might {unknown}
 p - a potion of degeneration {unknown}
 r - a potion of heal wounds {unknown}
 u - a potion of beneficial mutation {unknown}
Books
 b - a book of Changes

   Spells                             Type                      Level
   a - Beastly Appendage              Transmutation                1
   b - Sticks to Snakes               Transmutation                2
   c - Spider Form                    Transmutation/Poison         3
   d - Ice Form                       Ice/Transmutation            4
   e - Blade Hands                    Transmutation                5
 m - a book of Fire

   Spells                             Type                      Level
   a - Ignite Poison                  Fire/Transmutation/Poison    3
   b - Fireball                       Conjuration/Fire             5
   c - Bolt of Fire                   Conjuration/Fire             6
   d - Delayed Fireball               Conjuration/Fire             7
   e - Ring of Flames                 Charms/Fire                  7
Comestibles
 c - 2 bread rations
 t - a royal jelly
 v - 3 meat rations
 z - 2 fruits


   Skills:
 - Level 1.0 Fighting
 * Level 7.4 Dodging
 + Level 6.3 Unarmed Combat
 - Level 3.7 Spellcasting
 + Level 5.0 Transmutations


You had 5 spell levels left.
You knew the following spells:

 Your Spells              Type           Power        Failure   Level  Hunger
b - Sticks to Snakes      Trmt           ###.....     12%         2    ##.....
c - Spider Form           Trmt/Pois      ##........   41%         3    ###....
d - Ice Form              Ice/Trmt       ##......     89%         4    ####...


Dungeon Overview and Level Annotations

Branches:
Dungeon (6/15)
 Temple: D:4-7

Altars:
Fedhas
Kikubaaqudgha
Makhleb
Pakellas
Trog
The Shining One

Annotations:
D:4 blinkfrog's ghost, novice DDNe


Innate Abilities, Weirdness & Mutations

You cannot wear most types of armour.
You are amphibious.
You can wear up to eight rings at the same time.
((You can use your tentacles to constrict eight enemies at once.))
((Your skin changes colour to match your surroundings (Stealth).))
((Your rubbery body absorbs attacks (AC +1).))


Message History

The white imp disappears in a puff of smoke!
The quasit disappears in a puff of smoke!
The shadow imp disappears in a puff of smoke!
The worker ant completely misses you.
You bite the worker ant!
The worker ant is moderately wounded.
The worker ant completely misses you.
You hit the worker ant but do no damage.
The worker ant is poisoned.
The worker ant is moderately wounded.
The worker ant bites you.
* * * LOW HITPOINT WARNING * * *
You are lethally poisoned!
The worker ant poisons you!
Drink which item? (? for menu, Esc to quit)
It was a potion of cancellation.
Your magical effects are unravelling.
You feel magically purged.
You feel a little less agile now.
You die...

*.# #######.#
###.# #........
#...# #........
#####.###
#..o.....
#.......#
#........
#.......#
#........
#.......#
#........
#a.ยง....#
#........
#.s)....#
#........
#.......#
*...!....
#.......#
**######.
######### ###o.
#...# ###
##.### ###8###
##..#**
*._._.*##(.##<,
*#...#*#..##*,,


You could see a worker ant.

Vanquished Creatures
  Grinder (D:5)
  Sigmund (D:5)
  Eustachio (D:5)
  The ghost of blinkfrog the Grave Robber, an amateur DDNe (Sewer)
  An ice beast (D:5)
  An eye of draining (D:5)
  A sky beast (D:5)
  A centaur (D:5)
  2 giant frogs (Sewer)
  2 scorpions (D:4)
  A hound (D:5)
  An orc wizard (D:5)
  An orc priest (D:5)
  Ijyb (D:2)
  2 giant frog skeletons (D:4)
  2 worker ants (D:4)
  2 gnolls (D:4)
  7 adders
  A river rat (D:5)
  A shadow imp (D:5)
  2 adder skeletons (D:4)
  3 worms
  5 giant geckos
  8 orcs
  9 giant cockroaches
  3 hobgoblins
  A kobold (D:1)
  2 ball pythons (Sewer)
  3 bats
  10 giant newts
  A goblin (D:2)
  A quokka (D:2)
  A quokka zombie (D:5)
  17 rats
97 creatures vanquished.

Notes
Turn   | Place    | Note
--------------------------------------------------------------
     0 | D:1      | AnCiEnTIStOnEIBeAsT the Octopode Transmuter began the quest for the Orb.
     0 | D:1      | Reached XP level 1. HP: 13/13 MP: 3/3
   414 | D:1      | Reached XP level 2. HP: 18/18 MP: 5/5
  1131 | D:2      | You fall through a shaft!
  1255 | D:2      | Reached XP level 3. HP: 19/23 MP: 4/6
  1598 | D:2      | Noticed Ijyb
  1607 | D:2      | Killed Ijyb
  1607 | D:2      | Reached skill level 4 in Unarmed Combat
  1607 | D:2      | Reached XP level 4. HP: 28/28 MP: 5/7
  1997 | D:3      | Found a bloodstained altar of Trog.
  2000 | D:3      | Found an ancient bone altar of Kikubaaqudgha.
  2003 | D:3      | Found a burning altar of Makhleb.
  2374 | D:4      | Reached XP level 5. HP: 24/33 MP: 9/9
  2830 | D:4      | Reached XP level 6. HP: 13/38 MP: 10/10
  2839 | D:4      | Noticed blinkfrog's ghost (novice DDNe)
  3165 | D:4      | Learned a level 2 spell: Sticks to Snakes
  3169 | D:4      | Learned a level 3 spell: Spider Form
  3174 | D:4      | Learned a level 4 spell: Ice Form
  3309 | D:4      | Reached skill level 5 in Unarmed Combat
  3328 | D:4      | Found an oddly glowing altar of Pakellas.
  3718 | D:5      | Entered Level 5 of the Dungeon
  3786 | D:5      | Noticed Eustachio
  3789 | D:5      | Found a blossoming altar of Fedhas.
  3790 | D:5      | Found a glowing golden altar of the Shining One.
  3861 | D:5      | Reached XP level 7. HP: 21/43 MP: 4/12
  3928 | D:5      | Found a glowing drain.
  4051 | Sewer    | Entered a sewer
  4109 | Sewer    | Noticed blinkfrog's ghost (amateur DDNe)
  4184 | Sewer    | Killed blinkfrog's ghost
  4492 | Sewer    | Reached skill level 5 in Dodging
  4760 | D:5      | Noticed Sigmund
  4779 | D:5      | Killed Sigmund
  4779 | D:5      | Reached XP level 8. HP: 34/48 MP: 9/13
  4923 | D:5      | Reached skill level 6 in Dodging
  5000 | D:5      | Noticed Grinder
  5092 | D:5      | Killed Grinder
  5348 | D:5      | Reached skill level 7 in Dodging
  5438 | D:5      | Killed Eustachio
  5438 | D:5      | Reached skill level 5 in Transmutations
  5440 | D:5      | HP: 1/48 [worker ant (2)]
  5441 | D:5      | Succumbed to a worker ant's poison

Vault maps used:
D:1:      mainiacjoe_arrival_reflecting_pool, minmay_hedge_maze,
          minmay_rat_gold_closets
D:2:      grunt_ministairs_15, uniq_iyjb
D:3:      grunt_temple_overflow_diamond, corexii_hall_statues_i,
          corexii_corridor_pit
D:4:      johnstein_pakellas_death_squad, first_bread
D:5:      gammafunk_temple_overflow_statue, portal_sewer_entry_b,
          uniq_eustachio, uniq_grinder, uniq_sigmund
D:6:      uniq_blork_the_orc
Sewer:    sewer_frog_island_01

Action                   |  1- 3 |  4- 6 |  7- 9 || total
-------------------------+-------+-------+-------++-------
Melee: Unarmed           |    51 |    81 |   128 ||   260
       Shortbow          |       |       |     2 ||     2
 Fire: Shortbow          |       |       |    50 ||    50
 Cast: Beastly Appendage |     3 |     7 |       ||    10
       Spider Form       |       |     3 |    22 ||    25
  Use: Scroll            |       |     9 |     1 ||    10
       Potion            |       |       |     6 ||     6
 Stab: Sleeping          |     7 |     2 |       ||     9
  Eat: Chunk             |     2 |     4 |     6 ||    12
       Royal jelly       |       |     1 |       ||     1
       Beef jerky        |       |     1 |     1 ||     2
